AoeStats
← fRodos_

MegaRandom

506338548Analyzed
2v2 RM · 19d ago on Sep 13, 2026· 42m 30s· 4 players
Game mode
Random Map
Map size
Medium (4 player)
Population
200
Speed
Normal
Resources
Standard
Victory
Conquest
Starting age
Dark Age
Ending age
Imperial Age
RankedLock teamsTeams togetherTeam positionsShared explorationLock speedFull tech treeHidden civsTurbo modeCheats
Victory
Defeat
🇷🇴 Cumans · Romania
1071
+15
🇵🇰 Ethiopians · Pakistan
1033
+16
🇭🇺 Tatars · Hungary
1064
-16
🇭🇺 Teutons · Hungary
1037
-15
Lupu` Dacic
10:16 Feudal Age
11:17 Double-Bit Axe
13:38 Horse Collar
18:54 Wheelbarrow
21:59 Castle Age
21:09 Bloodlines
20:52 Fletching
21:02 Padded Archer Armor
21:13 Scale Barding Armor
21:10 Stone Mining
22:02 Gold Mining
23:15 Hand Cart
23:40 Bow Saw
23:33 Heavy Plow
24:14 Bodkin Arrow
24:54 Loom
24:55 Town Watch
25:57 Leather Archer Armor
30:11 Imperial Age
28:50 Town Patrol
29:32 Forging
31:24 Conscription
32:08 Chemistry
32:11 Ballistics
32:32 Thumb Ring
33:58 Ring Archer Armor
33:14 Elite Kipchak
34:48 Steppe Husbandry
35:57 Chain Barding Armor
38:25 Elite Steppe Lancer
40:38 Plate Barding Armor
40:39 Iron Casting
39:45 Light Cavalry
40:48 Hussar
NSN WAJID
12:53 Feudal Age
11:09 Loom
13:01 Feudal Age
11:21 Loom
15:08 Wheelbarrow
15:17 Gold Mining
17:46 Castle Age
15:57 Horse Collar
18:51 Double-Bit Axe
33:11 Hand Cart
33:31 Scale Mail Armor
38:38 Imperial Age
35:52 Crossbowman
37:26 Thumb Ring
38:39 Bow Saw
39:08 Gold Shaft Mining
39:21 Heavy Plow
38:50 Arbalester
38:59 Halberdier
39:59 Fletching
40:09 Padded Archer Armor
41:33 Bodkin Arrow
41:53 Leather Archer Armor
lusza
4:10 Loom
10:42 Feudal Age
11:08 Double-Bit Axe
12:27 Wheelbarrow
12:58 Fishing Lines
17:40 Castle Age
15:54 Stone Mining
16:58 Gold Mining
16:54 Horse Collar
19:00 Forging
18:51 Scale Mail Armor
19:15 Bow Saw
21:06 Scale Barding Armor
22:50 Iron Casting
26:36 Arson
30:30 Chain Mail Armor
30:23 Squires
30:03 Pikeman
32:51 Stone Shaft Mining
33:08 Fletching
35:41 Heavy Plow
36:24 Ballistics
41:46 Imperial Age
40:25 Bloodlines
40:55 Chain Barding Armor
41:58 Masonry
fRodos_
4:22 Loom
10:50 Feudal Age
11:16 Double-Bit Axe
16:45 Castle Age
14:53 Horse Collar
15:28 Stone Mining
16:07 Gold Mining
18:14 Forging
19:07 Forging
21:32 Bloodlines
22:55 Husbandry
24:07 Heavy Plow
24:17 Bow Saw
26:25 Scale Barding Armor
26:54 Fletching
31:59 Iron Casting
31:54 Chain Barding Armor
32:31 Gold Shaft Mining
32:47 Wheelbarrow
34:58 Hand Cart
37:29 Silk Armor
42:35 Imperial Age
Connection lost

Rejoining the realm…

Still unreachable

The connection could not be restored.

Session expired

The server has moved on; the page needs a fresh start.